 Dungeon Crawl Stone Soup version 0.15-a0-1632-gd490d05 (webtiles) character file.

274 Kenran the Martial Artist (level 6, 0/37 HPs)
             Began as a Tengu Monk on June 21, 2014.
             Killed by divine providence
             ... invoked by an orc priest
              (10 damage)
             ... on Level 4 of the Dungeon.
             The game lasted 00:13:22 (3786 turns).

Kenran the Martial Artist (Tengu Monk)              Turns: 3786, Time: 00:13:22

HP   0/37        AC  4     Str 11      XL: 6   Next: 24%
MP   5/8         EV 15     Int 11      God:
Gold 151         SH  0     Dex 18      Spells:  0 memorised,  5 levels left

rFire  . . .     SeeInvis .       - Unarmed
rCold  . . .     Clarity  .     k - +0 leather armour
rNeg   . . .     rCorr    .     (no shield)
rPois  .         rRot     .     j - +1 hat
rElec  .         Spirit   .     (no cloak)
SustAb .         Warding  .     (no gloves)
rMut   .         Stasis   .     (boots unavailable)
Gourm  .                        (no amulet)
MR     .....                    (no ring)
                                (no ring)

@: flying quickly and evasively, quick, not resistant to hostile enchantments,
unstealthy
A: able to fly, beak, talons 3
a: no special abilities


You were on level 4 of the Dungeon.
You were not hungry.

You visited 1 branch of the dungeon, and saw 4 of its levels.

You collected 151 gold pieces.

Inventory:

Armour
 j - a +1 hat (worn)
 k - a +0 leather armour (worn)
Magical devices
 n - a wand of slowing (10) {unknown}
Comestibles
 b - 4 bread rations
 u - a rotting chunk of worm flesh
 v - 3 fruits
 w - a meat ration
Scrolls
 g - a scroll of noise {unknown}
 h - a scroll of fog
 l - 2 scrolls of fear
 r - a scroll of remove curse
 t - a scroll of magic mapping {unknown}
Jewellery
 q - an uncursed ring of invisibility
Potions
 a - a potion of brilliance {unknown}
 c - 2 potions of curing
 d - a potion of heal wounds {unknown}
 e - 3 potions of agility {unknown}
 f - a potion of invisibility {unknown}
 i - 2 potions of flight {unknown}
 m - a potion of mutation {unknown}
 o - a potion of might {unknown}
 p - a potion of degeneration {unknown}
 s - a potion of confusion {unknown}


   Skills:
 - Level 3.0 Fighting
 - Level 3.2 Dodging
 - Level 2.0 Stealth
 + Level 8.0 Unarmed Combat


You had 5 spell levels left.
You didn't know any spells.

Dungeon Overview and Level Annotations

Branches:
Dungeon (4/15)
 Temple: D:4-7

Altars:
Gozag
Nemelex Xobeh

Annotations:
D:3 Sigmund


Innate Abilities, Weirdness & Mutations

You can fly.
You have a beak for a mouth.
You have claws for feet.


Message History

You hit the orc priest. You peck the orc priest.
The orc priest is moderately wounded.
The orc priest hits you.
A giant gecko skeleton comes into view.
Use which ability? (? or * to list)
Okay, then.
Drink which item? (? for menu, Esc to quit)
Okay, then.
Use which ability? (? or * to list)
You swoop lightly up into the air.
You feel somewhat more hungry. The orc misses you. The orc priest hits you.
An orc comes into view.
The orc priest mumbles some strange prayers to Beogh against you.
Something smites you!
* * * LOW HITPOINT WARNING * * *
Drink which item? (? for menu, Esc to quit)
You feel better. The orc barely misses you.
The orc priest calls down the wrath of Beogh upon you.
Something smites you!
You die...

##.#.......#
##..#.......########.#.
.............%..........
...##.......###.#####.#
.####)......# #.## .#
#<......# #..# ##
##.....## ##.# ##...##
#.## ## ##### #@.# .#
##o### .# #.oo# ....
.........Z.o..... .###
#########..#.## .# #.#
.# .# ## . .


You could see 2 orc priests, 2 orcs and a giant gecko skeleton.

Vanquished Creatures
  2 worker ants
  4 gnolls (D:3)
  9 adders
  2 giant mites
  5 worms
  2 giant geckos
  3 oozes
  An orc (D:4)
  12 bats
  4 giant cockroaches
  5 hobgoblins (D:2)
  3 jackals (D:2)
  4 giant newts
  6 goblins
  8 kobolds
  5 rats
75 creatures vanquished.

Notes
Turn   | Place    | Note
--------------------------------------------------------------
     0 | D:1      | Kenran, the Tengu Monk, began the quest for the Orb.
     0 | D:1      | Reached XP level 1. HP: 14/14 MP: 1/1
   182 | D:1      | Reached XP level 2. HP: 14/19 MP: 3/3
   329 | D:1      | Reached skill level 5 in Unarmed Combat
   847 | D:2      | Reached XP level 3. HP: 21/23 MP: 4/4
  1155 | D:2      | Reached skill level 6 in Unarmed Combat
  1155 | D:2      | Reached XP level 4. HP: 23/28 MP: 5/5
  1824 | D:2      | Reached XP level 5. HP: 16/32 MP: 7/7
  2172 | D:2      | Found an opulent altar of Gozag.
  2173 | D:2      | Found a sparkling altar of Nemelex Xobeh.
  2289 | D:3      | Reached skill level 7 in Unarmed Combat
  2371 | D:3      | Noticed Sigmund
  3244 | D:3      | Reached XP level 6. HP: 31/37 MP: 8/8
  3710 | D:4      | Reached skill level 8 in Unarmed Combat
  3786 | D:4      | Killed from afar by an orc priest

Action                   |  1- 3 |  4- 6 || total
-------------------------+-------+-------++-------
Melee: Unarmed           |    57 |   137 ||   194
 Abil: Fly               |       |     3 ||     3
  Use: Scroll            |     1 |     5 ||     6
       Potion            |       |     2 ||     2
 Stab: Sleeping          |     2 |     3 ||     5
       Distracted        |       |     1 ||     1
